 Seeded DCSS version 0.29.1-12-g30fa7ad0bf (webtiles) character file.

Game seed: 9845822215292249863 (custom seed)

35 OTABOTABOTAB the Insei (level 3, 24/24 HPs)
             Began as an Octopode Transmuter on Jan 10, 2023.
             Quit the game on level 1 of the Dungeon.
             The game lasted 00:01:33 (1185 turns).

OTABOTABOTAB the Insei (Octopode Transmuter)        Turns: 1185, Time: 00:01:33

Health: 24/24      AC:  1    Str:  9    XL:     3   Next: 33%
Magic:  6/6        EV: 13    Int: 17    God:
Gold:   2897       SH:  0    Dex: 12    Spells: 5/6 levels left

rFire   . . .      SeeInvis .     - Unarmed
rCold   . . .      Faith    .   (no shield)
rNeg    . . .      Spirit   .   (helmet restricted)
rPois   .          Reflect  .   g - amulet of the acrobat
rElec   .          Harm     .   W - ring of willpower
rCorr   .          Rampage  .   (no ring)
Will    +....                   (no ring)
Stlth   ++........              (no ring)
HPRegen 0.08/turn               (no ring)
MPRegen 0.10/turn               (no ring)
                                (no ring)
                                (no ring)

@: no status effects
A: almost no armour, amphibious, 8 rings, camouflage 1, gelatinous body 1,
(nimble swimmer 1), tentacles
a: no special abilities


You were on level 1 of the Dungeon.
You visited 1 branch of the dungeon, and saw 1 of its levels.

You collected 2897 gold pieces.

Inventory:

Missiles
 c - 5 poisoned darts
 s - 14 stones
Magical Staves
 h - a staff of conjuration
   (You found it on level 1 of the Dungeon)
Jewellery
 g - an amulet of the acrobat (around mantle)
   (You found it on level 1 of the Dungeon)
 W - a ring of willpower (left tentacle)
   (You found it on level 1 of the Dungeon)
Scrolls
 a - a scroll of teleportation {unknown}
 b - a scroll of identify {unknown}
 f - a scroll of amnesia {unknown}
Potions
 d - a potion of curing {unknown}
 i - a potion of magic {unknown}
 j - a potion of heal wounds {unknown}
 P - a potion of lignification {!q}


   Skills:
 + Level 1.9 Fighting
 - Level 2.0 Dodging
 + Level 3.4 Unarmed Combat
 - Level 2.0 Spellcasting
 + Level 2.6 Transmutations


You had 5 spell levels left.
You knew the following spells:

 Your Spells              Type           Power      Damage    Failure   Level
a - Beastly Appendage     Tmut           20%        N/A       7%          1

Your spell library contained the following spells:

 Spells                   Type           Power      Damage    Failure   Level
 Wereblood                Tmut           10%        N/A       10%         2
 Spider Form              Tmut/Pois      6%         N/A       34%         3
 Ice Form                 Ice/Tmut       6%         N/A       75%         4


Dungeon Overview and Level Annotations

Branches:
Dungeon (1/15)

Altars:


Innate Abilities, Weirdness & Mutations

You cannot wear most types of armour.
You are amphibious.
You can wear up to eight rings at the same time.
Your skin changes colour to match your surroundings (Stealth+).
Your rubbery body absorbs attacks. (AC +1, EV +1)
((You are camouflaged when in or above water. (Stealth+)))
You have tentacles for arms and can constrict up to eight enemies at once.


Message History

You tentacle-slap the ball python.
You kill the ball python!
No target in view!
No target in view!
g - an amulet of the acrobat Health restored: 24 You start putting on your amulet.
You continue putting on your amulet of the acrobat. x5
You finish putting on your amulet of the acrobat.
You feel ready to tumble and roll out of harm's way.
g - an amulet of the acrobat (around mantle)
You see here a ball python corpse.
You open the door.
A quokka comes into view.
A quokka is nearby!
Things that are here:
2 scrolls labelled VOSEFAQATU; a staff of conjuration
h - a staff of conjuration
e - 3 scrolls labelled VOSEFAQATU (gained 2)
The quokka bites you.
You take 3 damage, and have 21/24 hp.
You tentacle-slap the quokka. Your grab misses the quokka.
The quokka barely misses you.
Unknown command.
You barely miss the quokka. You grab the quokka. You tentacle-slap the quokka.
You kill the quokka!
No target in view!
No target in view!
W - a ring of willpower Health restored: 24
W - a ring of willpower (left tentacle)
i - a lumpy sapphire potion
s - 14 stones (gained 6)
There is an open door here.
As you open the door, it creaks loudly!
There is an open door here.
A dart slug comes into view.
A dart slug is nearby!
A rat comes into view.
The dart slug launches a dart at you. The slug dart hits you.
You take 4 damage, and have 20/24 hp.
The rat twitches its whiskers.
One of your tentacles grows a vicious spike.
You now have 5/6 mp.
The dart slug launches a dart at you. The slug dart hits you.
You take 1 damage, and have 19/24 hp.
Unknown command.
You tentacle-slap the dart slug. You grab the dart slug.
You pierce the dart slug.
You squeeze the dart slug, but do no damage.
You constrict the dart slug.
You kill the dart slug!
You tentacle-slap the rat.
You kill the rat!
No target in view!
Unknown command.
No target in view!
No target in view!
No target in view!
Your tentacle spike disappears.
You see here a dart slug corpse.
Found an escape hatch in the floor.
Health restored: 24; MP restored: 6
There is an escape hatch in the floor here.
A kobold comes into view. It is wielding a +0 short sword.
The kobold shouts!
You tentacle-slap the kobold. Your grab misses the kobold.
Your squeeze misses the kobold.
The kobold hits you with a +0 short sword.
You take 3 damage, and have 21/24 hp.
Unknown command.
You tentacle-slap the kobold but do no damage.
Your grab misses the kobold. The kobold barely misses you.
You barely miss the kobold. Your grab misses the kobold.
You tentacle-slap the kobold but do no damage.
You grab the kobold. You constrict the kobold.
The kobold hits you with a +0 short sword.
You take 5 damage, and have 16/24 hp.
MASSIVE DAMAGE!!
You tentacle-slap the kobold but do no damage.
You constrict the kobold.
You kill the kobold!
No target in view!
No target in view!
You see here a +0 short sword.
j - a metallic pink potion Health restored: 24
Found a stone staircase leading down.
There is a stone staircase leading down here.
Done exploring.
Done exploring.
This is a scroll of acquirement!
Something appears before you!
You now have 923 gold pieces (gained 892).
Something appears before you!
You now have 1620 gold pieces (gained 697).
Something appears before you!
You now have 2897 gold pieces (gained

1277). ## ###########.
#>..........
#.#######.#.
#############.# #.#.
#.............#### #.#.
#......@.........# #.#.
#................####...
#...................##..
#................##.##..
#...............)##.##..
#................##.#...
#................##.#..#
#############....##.....
#....####.##


There were no monsters in sight!

Vanquished Creatures
  A gnoll (D:1)
  2 dart slugs (D:1)
  2 endoplasms (D:1)
  A giant cockroach (D:1)
  2 goblins (D:1)
  A quokka (D:1)
  2 ball pythons (D:1)
  5 bats (D:1)
  A frilled lizard (D:1)
  2 kobolds (D:1)
  A rat (D:1)
20 creatures vanquished.

Notes
Turn   | Place    | Note
-------+----------+-------------------------------------------
     0 | D:1      | OTABOTABOTAB the Octopode Transmuter began the quest for
                  | the Orb.
     0 | D:1      | Reached XP level 1. HP: 13/13 MP: 3/3
    98 | D:1      | Reached XP level 2. HP: 15/18 MP: 3/5
   656 | D:1      | Reached XP level 3. HP: 24/24 MP: 6/6
  1179 | D:1      | Identified 3 scrolls of acquirement
  1179 | D:1      | Acquired 892 gold pieces
  1181 | D:1      | Acquired 697 gold pieces
  1183 | D:1      | Acquired 1277 gold pieces
  1185 | D:1      | Quit the game

Illustrated notes

Levels and vault maps discovered:
D:1:      giann_bridges, layout_basic

Action                   || total
-------------------------++-------
Melee: Unarmed           ||    56
       Constrict         ||    15
       Kick              ||     7
       Tentacles         ||     4
       Punch             ||     3
 Cast: Beastly Appendage ||     4
 Abil: End Transformatio ||     1
  Use: Scroll            ||     3
 Stab: Sleeping          ||     5
Armor: Skin              ||     6
Dodge: Dodged            ||    29

Table legend: (Time is in decaauts)
 A = Elapsed time spent in this place.
 B = Non-inter-level travel time spent in this place.
 C = Inter-level travel time spent in this place.
 D = Time resting spent in this place.
 E = Time spent auto-exploring this place.
 F = Levels seen in this place.
 G = Mean time per level.
                   A        B        C        D        E       F      G
               +--------+--------+--------+--------+--------+-----+--------+
         Total |   1180 |   1180 |      0 |      0 |   1031 |   1 | 1180.0 |
       Dungeon |   1180 |   1180 |      0 |      0 |   1031 |   1 | 1180.0 |
               +--------+--------+--------+--------+--------+-----+--------+

Top non-repeatable levels by time:
     D:1: 1180 daAuts

Table legend:
 A = Kills in this place as a percentage of kills in entire the game.
 B = Kills by you in this place as a percentage of kills by you in the entire game.
 C = Kills by friends in this place as a percentage of kills by friends in the entire game.
 D = Other kills in this place as a percentage of other kills in the entire game.
 E = Experience gained in this place as a percentage of experience gained in the entire game.
 F = Experience gained in this place divided by the number of levels of this place that you have seen.
                   A       B       C       D       E      F
               +-------+-------+-------+-------+-------+----------------------
         Total | 100.0 | 100.0 |   N/A |   N/A | 100.0 |  50.0
       Dungeon | 100.0 | 100.0 |   N/A |   N/A | 100.0 |  50.0
               +-------+-------+-------+-------+-------+----------------------
